Cogmind - Beta 17 @@@ ROGUE MODE // 2026.07.30 @ 22:10:09 Player: TheSkyeDoctor Result: Destroyed by TH-5PC(R) with Subdweller Shrapnel Launcher Performance ------------- Evolutions (0) 0 Regions Visited (2) 400 Robots Destroyed (25) 125 Value Destroyed (693) 693 Prototype IDs (1) 20 Alien Tech Used (0) 0 Bonus (4906) 4906 TOTAL SCORE: 6144 Bonus ------- Prayed to X0-1V1 5000 Friendly Fire -94 Cogmind --------- Core Integrity 0/250 Matter 270/300 Energy 240/250 System Corruption 0% Temperature Cool (0) Movement Core (1500) Ox29 Location -10/Subcaves Parts ------- > --- POWER (1) -------- Ion Engine > --- PROPULSION (2) --- (None) > --- UTILITY (2) ------ Huge Storage Unit X0-1V1's Piety Tracker > --- WEAPON (2) ------- Grenade Launcher > --- INVENTORY (25) --- Wheel Small Storage Unit High-capacity Battery (250) High-capacity Matter Pod (166) Machine Analyzer Improved Terrain Scanner Seismic Detector Light Armor Plating Grenade Launcher Grenade Launcher Peak State ------------ > --- POWER ------------ Ion Engine > --- PROPULSION ------- (None) > --- UTILITY ---------- Huge Storage Unit X0-1V1's Piety Tracker > --- WEAPON ----------- Grenade Launcher > --- INVENTORY -------- Wheel Small Storage Unit High-capacity Battery High-capacity Matter Pod Machine Analyzer Improved Terrain Scanner Seismic Detector Light Armor Plating Grenade Launcher Grenade Launcher [Rating: 17] Favorites ----------- Power Ion Engine Engine Ion Engine Propulsion Light Treads Treads Light Treads Utility Huge Storage Unit Device Seismic Detector Storage Huge Storage Unit Processor Targeting Computer Protection Light Armor Plating Weapon Light Assault Rifle Energy Gun Medium Laser Ballistic Gun Light Assault Rifle Ballistic Cannon Light Cannon Launcher Grenade Launcher Build | -11 -10 -10 ------- Run | Yrd Mat Sub Slots Evolved . | . . . Power . | . . . Propulsion . | . . . Utility . | . . . Weapon . | . . . Parts Attached 17 | 8 6 3 Power 3 | 1 2 . Engine 3 | 1 2 . Core . | . . . Reactor . | . . . Propulsion 3 | 2 1 . Treads 3 | 2 1 . Leg . | . . . Wheel . | . . . Hover . | . . . Flight . | . . . Utility 6 | 2 2 2 Device 2 | 1 . 1 Storage 2 | 1 1 . Processor 1 | . 1 . Hackware . | . . . Protection 1 | . . 1 Artifact . | . . . Weapon 5 | 3 1 1 Energy Gun 2 | 2 . . Energy Cannon . | . . . Ballistic Gun 1 | 1 . . Ballistic Cannon 1 | . 1 . Launcher 1 | . . 1 Special Weapon . | . . . Impact Weapon . | . . . Slashing Weapon . | . . . Piercing Weapon . | . . . Special Melee Weapon . | . . . Unidentified Prototypes 1 | . . 1 Parts Lost 10 | . 4 6 Power 2 | . 2 . Propulsion 3 | . 1 2 Utility 2 | . . 2 Weapon 3 | . 1 2 Highest Loss Streak 5 | . 1 5 To Critical Strikes . | . . . Average Backups 9 | 1 8 12 Power . | . . . Propulsion 1 | . 1 1 Utility 5 | . 4 8 Weapon 2 | . 1 2 Tool/Special . | . . . Unused Backups 8 | . . 8 Power . | . . . Propulsion 1 | . . 1 Utility 5 | . . 5 Weapon 2 | . . 2 Tool/Special . | . . . Average Slot Usage (%) 97 | . 98 94 Engine 13 | . 12 14 Treads 26 | . 27 23 Device 7 | . 11 . Storage 14 | . 14 14 Processor 6 | . 2 13 Energy Gun 2 | . 4 . Ballistic Gun 13 | . 14 13 Ballistic Cannon 11 | . 10 13 Peak Build Rating 17 | 7 9 17 Average Rating 7 | 5 7 8 On Entrance 5 | . 7 9 Avg Prop Armor Cover (%) . | . . . Naked Turns . | . . . Heaviest Build 92 | 14 89 92 Greatest Support 40 | 40 40 40 Greatest Overweight (x) 30 | . 2 30 Average Overweight (x) 1 | . 1 2 Largest Inventory Capacity 25 | 8 25 25 Average Capacity 23 | 7 24 25 Most Carried 13 | 3 12 13 Average Carried 9 | 1 8 12 Final Capacity 25 | 8 25 25 Final Carried 12 | 3 12 10 Class Distribution -------------------- 100% | Mutant Dominant Class ---------------- Mutant | -10/Materials Mutant | -10/Subcaves Resources | -11 -10 -10 ----------- Run | Yrd Mat Sub Matter Collected 795 | 289 439 67 Remotely . | . . . Salvage Created 859 | 136 580 143 Parts 49 | 7 35 7 Haulers Intercepted 1 | . 1 . Recyclers Shooed . | . . . Parts Field Recycled . | . . . Retrieved Matter . | . . . Parts Self-Destructed . | . . . Prevented . | . . . Parts Restored . | . . . Kills | -11 -10 -10 ------- Run | Yrd Mat Sub Combat Hostiles Destroyed 16 | . 13 3 Guns 8 | . 7 1 Cannons 8 | . 6 2 Classes Destroyed 8 | 2 4 2 Builder 1 | . 1 . Tunneler 3 | 3 . . Hauler 1 | . 1 . Recycler 1 | 1 . . Watcher 3 | . 3 . Grunt 13 | . 13 . Subdweller 3 | . . 3 Scientist 1 | . . 1 Best Kill Streak 3 | 3 3 1 Combat Bots Only 2 | . 2 1 Max Kills in Single Turn 1 | 1 1 1 Gunslinging . | . . . Exploded . | . . . Melee . | . . . Uniques/NPCs Destroyed . | . . . Combat | -11 -10 -10 -------- Run | Yrd Mat Sub Hostile Shots Fired 100 | . 83 17 Missed 24 | . 21 3 Hits 76 | . 62 14 Projectile 76 | . 62 14 AOE 6 | . . 6 Critical Strikes 3 | . 3 . Damage Taken 1314 | . 780 534 Core 289 | . 128 161 Absorbed by Shields . | . . . Core Remaining (%) 100 | 100 . . Volleys Fired 102 | 9 78 15 Largest 2 | 2 2 2 Hottest 70 | 70 70 50 Shots Fired 198 | 18 155 25 Gun 142 | 18 109 15 Cannon 56 | . 46 10 Launcher . | . . . Special . | . . . Kinetic 158 | 9 124 25 Thermal 40 | 9 31 . Explosive . | . . . Electromagnetic . | . . . Robot Hit Streak 15 | 9 12 15 Robot Miss Streak 6 | 1 6 1 Penetration Max . | . . . Secondary Targets . | . . . Shots Hit Robots 128 | 12 94 22 Core Hits 48 | 6 33 9 Critical Kills . | . . . Critical Parts Destroyed . | . . . Critical Strikes 2 | 1 1 . Burn 1 | 1 . . Blast 1 | . 1 . Melee Attacks . | . . . Impact . | . . . Slashing . | . . . Piercing . | . . . Sneak Attacks . | . . . Combat Hostiles . | . . . Follow-up Attacks . | . . . Damage Inflicted 1504 | 130 1122 252 Guns 857 | 130 622 105 Cannons 647 | . 500 147 Explosions . | . . . Melee . | . . . Ramming . | . . . Kinetic 1191 | 41 898 252 Thermal 313 | 89 224 . Explosive . | . . . Electromagnetic . | . . . Impact . | . . . Slashing . | . . . Piercing . | . . . Highest Corruption . | . . . Average Corruption . | . . . Corruption Purged . | . . . Corruption Blocked . | . . . Overload Shots . | . . . Overflow Damage . | . . . Projectiles . | . . . Explosions . | . . . Melee . | . . . Knockbacks 5 | . 4 1 Impact . | . . . Kinetic 5 | . 4 1 Secondary . | . . . Self-Inflicted Damage . | . . . Shots . | . . . Rammed . | . . . Targets Rammed . | . . . Kicked . | . . . Crushed . | . . . Highest Temperature 194 | 70 194 . Average Temperature 44 | 29 46 . Received Heat Transfer 546 | . 492 54 Siege Activations . | . . . Martial Activations . | . . . Shielding Activations . | . . . Robots Disrupted . | . . . Combat Hostiles . | . . . Robots Corrupted . | . . . Combat Hostiles . | . . . Parts Fried . | . . . Impact Corruptions . | . . . Robots Melted . | . . . Combat Hostiles . | . . . Parts Melted . | . . . Heat Transferred 999 | 333 666 . Parts Sabotaged . | . . . Parts Stolen . | . . . Parts Stripped . | . . . Power Chain Reactions . | . . . Alert | -11 -10 -10 ------- Run | Yrd Mat Sub Maximum Alert Level . | . . . Low Security (%) 100 | 100 100 . Level 1 . | . . . Level 2 . | . . . Level 3 . | . . . Level 4 . | . . . Level 5 . | . . . High Security . | . . . Max Security . | . . . Peak Influence 68 | 10 68 . Initial . | . . . Average 18 | 2 20 . Influence Increases 404 | 20 384 . Destroy 0b10 Robot/C 260 | . 260 . Destroy 0b10 Robot/NC 45 | 20 25 . Destroy Leader 68 | . 68 . Disable Machine 15 | . 15 . Destroy Structure 1 | . 1 . Lose Combat Pursuer 15 | . 15 . Influence Decreases 404 | 20 352 32 Entered New Map 16 | . . 16 Time Decay 358 | 20 322 16 Lost Part 30 | . 30 . Squads Dispatched 3 | . 3 . Investigation 1 | . 1 . Extermination . | . . . Reinforcement 2 | . 2 . Assault . | . . . Garrison . | . . . Intercept . | . . . Searches Triggered . | . . . Construction Impeded . | . . . Haulers Reinforced . | . . . Active Scanning Responses . | . . . Cargo Convoy Interrupts . | . . . Stealth | -11 -10 -10 --------- Run | Yrd Mat Sub Distress Signals . | . . . Communications Jammed . | . . . Distress Signals . | . . . Times Spotted 27 | . 23 4 Peak Tracking Total 3 | . 3 2 Tactical Retreats 1 | . 1 . Traps | -11 -10 -10 ------- Run | Yrd Mat Sub Traps Triggered 1 | . 1 . Indirectly . | . . . Trap Hack Attempts . | . . . Triggered . | . . . Disarmed . | . . . Reprogrammed . | . . . Reused . | . . . Traps Extracted . | . . . Installed . | . . . Triggered . | . . . Machines | -11 -10 -10 ---------- Run | Yrd Mat Sub Machines Disabled 1 | . 1 . Max in Single Turn 1 | . 1 . Machines Repaired . | . . . Machines Dismantled . | . . . Machines Sabotaged . | . . . Overloaded Fab Kills . | . . . Hacking | -11 -10 -10 --------- Run | Yrd Mat Sub Machines Accessed . | . . . Terminals . | . . . Fabricators . | . . . Repair Stations . | . . . Recycling Units . | . . . Scanalyzers . | . . . Garrison Access . | . . . Total Hacks . | . . . Successful . | . . . Failed . | . . . Catastrophic . | . . . Database Lockouts . | . . . Manual 1 | . 1 . Terminals . | . . . Fabricators . | . . . Repair Stations . | . . . Recycling Units . | . . . Scanalyzers . | . . . Garrison Access . | . . . Terminal Hacks . | . . . Fabricator Hacks . | . . . Repair Station Hacks . | . . . Recycling Unit Hacks . | . . . Scanalyzer . | . . . Garrison Access Hacks . | . . . Unauthorized Hacks . | . . . Terminals . | . . . Fabricators . | . . . Repair Stations . | . . . Recycling Units . | . . . Scanalyzers . | . . . Garrison Access . | . . . Data Cores Recovered . | . . . Used . | . . . Hacking Detections . | . . . Full Trace Events . | . . . Feedback Events . | . . . Feedback Blocked . | . . . Robot Schematics Acquired . | . . . Robots Built . | . . . Authchips . | . . . Time . | . . . Total Robot Build Rating . | . . . Part Schematics Acquired . | . . . Parts Built . | . . . Authchips . | . . . Time . | . . . Total Part Build Rating . | . . . Part Studies Acquired . | . . . Parts Repaired . | . . . Time . | . . . Parts Recycled . | . . . Recycled Matter . | . . . Retrieved Matter . | . . . Retrieved Components . | . . . Parts Scanalyzed . | . . . Part Schematics Acquired . | . . . Parts Damaged . | . . . Bothacking | -11 -10 -10 ------------ Run | Yrd Mat Sub Used RIF Installer . | . . . Robots Hacked . | . . . Non-combat . | . . . Combat . | . . . Robot Hacks Applied . | . . . Relay Couplers Released . | . . . Fabnet Peak Effective % . | . . . Robots Rewired . | . . . Allies Hacked . | . . . Hacks Repelled . | . . . Allies | -11 -10 -10 -------- Run | Yrd Mat Sub Total Allies . | . . . Largest Group . | . . . Highest-Rated Group . | . . . Highest-Rated Ally . | . . . Total Orders . | . . . Ally Attacks . | . . . Total Damage . | . . . Kills . | . . . Allies Corrupted . | . . . Allies Melted . | . . . X0-1V1 Amusement Gains 12 | . 12 . Bad Acts 2 | . . 2 Intel | -11 -10 -10 ------- Run | Yrd Mat Sub Active Infowar (turns) 1391 | 52 1339 . Seismic 1391 | 52 1339 . Robot Analysis Total . | . . . Derelict Logs Recovered 1 | . . 1 Drone Launches . | . . . Drone Recoveries . | . . . Exploration | -11 -10 -10 ------------- Run | Yrd Mat Sub Turns Passed 2730 | 148 1675 907 Spaces Moved 767 | 69 453 245 Core 3 | 2 . 1 Treads 764 | 67 453 244 Legs . | . . . Wheels . | . . . Hover . | . . . Flight . | . . . Fastest Speed 50 | 50 160 320 Average Speed 314 | 156 317 353 Slowest Speed 1550 | 160 320 1550 Overloaded Moves . | . . . Propulsion Burnouts . | . . . Robots Hopped . | . . . Potential Cave-ins . | . . . Cave-ins Triggered . | . . . Exploration Rate (%) 30 | 5 64 21 Regions Visited 2 Branch Regions 1 Pre-discovered Areas 1 | . . 1 Known Exits Taken . | . . . Unknown Exits Taken 2 | 1 1 . Scrap Searched . | . . . Spaces Dug . | . . . Terrain Destroyed . | . . . Melee . | . . . Projectile . | . . . AOE . | . . . Terrain Rammed . | . . . Walls Destroyed . | . . . Machines Disabled . | . . . Actions | -11 -10 -10 --------- Run | Yrd Mat Sub Total 905 | 90 551 264 Wait 2 | . 2 . Move 765 | 68 452 245 Hop . | . . . Pick Up 15 | 3 11 1 Fast Attach 9 | 8 1 . Attach 7 | . 4 3 Detach 2 | 1 1 . Swap 2 | . 2 . Drop 1 | 1 . . Fire 102 | 9 78 15 Melee . | . . . Ram . | . . . Kick . | . . . Crush . | . . . Escape Stasis . | . . . Rewire . | . . . Trap . | . . . Miscellaneous . | . . . Route ------- -11/Scrapyard -10/Materials (discovered 4 exits: [*Mat x2] / [*Min] / [*Sub]) -10/Subcaves History --------- Turn | Location | Event 71 | -11/Scrapyard | Discovered new exit (range 13) 149 | -11/Scrapyard | Entered Materials 316 | -10/Materials | Build established: Mutant 751 | -10/Materials | Discovered new exit (range 9) 870 | -10/Materials | Discovered new exit (range 15) 1306 | -10/Materials | Discovered new exit (range 9) 1606 | -10/Materials | Core integrity fell below 50% 1772 | -10/Materials | Discovered new exit (range 7) 1797 | -10/Materials | Prayed at D.C.S.S. Altar Unit 1824 | -10/Materials | Entered Subcaves 1825 | -10/Subcaves | Approached by a straggling Scientist 2501 | -10/Subcaves | Learned location of Storage (-8) 2712 | -10/Subcaves | Core integrity fell below 20% 2731 | -10/Subcaves | Destroyed by TH-5PC(R) with Subdweller Shrapnel Launcher Last Messages --------------- 02455_ Subatomizers dissect the Sub. Monowheel. 02460_ Acquired 46 matter. 02466_ Subatomizers dissect the Sub. Monowheel. 02466_ Acquired 2 matter. 02484_ Lgt. Treads destroyed. 02494_ 2G-ML3(R) destroyed. 02501_ Acquired derelict log, extracted data. World map updated: -8/Storage. 02515_ YF-HVF(O) puts together Sub. Shrapnel Launcher. IFF burst signal emitted. 02626_ X0-1V1: "Don't be shy now." 02695_ Lgt. Cannon destroyed. 02697_ Targeting Computer destroyed. 02706_ R3-E0V(R) destroyed. 02711_ Lgt. Treads destroyed. 02713_ Lgt. Assault Rifle destroyed. 02715_ Lgt. Armor Plating destroyed. 02730_ Identified X0-1V1's Piety Tracker. 02731_ X0-1V1 giggles madly! Map ----- +----------------------------------------------------+ | ?????????????????????????????????????????????????? | | ?????????????????????????????????????????????????? | | ?????????????????????????????????????????????????? | | ?????????????????????????????????????????????????? | | ?????????????????????????????????????????????????? | | ?????????????????????????????????????????????????? | | ?????????????????????????????????????????????????? | | ?????????????????????????????????????????????????? | | ?????????????????????????????????????#####???????? | | ????????????????????????????????????## ##?####?? | | ?????????????????????? ???????????## ### #?? | | ??????????????????? ???????????# ### | | ?????????????????? ???????????# ## | | ??????????????????? #??????????# ## " | | ???????????????????# ??????????##?## "" | | ?????????????????### ????????????### " | | ?????????????????? ?????????#### | | ??????????????????? ##?????### ## | | ????????????????????# ##???## ##### | | ????????????????????# ##### ## #???## # | | ????????????????????# # #####????#### | | ?????????????????#### ; ##??????????#" | | ????????????????## ##??????????? " | | ???????????????## #????????????#" | | ???????????????# #????????????## | | ???????????????# @ ####?????????????# | | ???????????????## #????????????????? | | ????????????????#### #????????????????? | | ???????????????????##; ##????????????????? | | ????????????????????#; ; ##?????????????????? | | ??????????????????? ####??????????????????? | | ?????????????????? ##?????????????????????? | | ?????????????????# #??????????????????????? | | ?????????????????# #??????????????????????? | | ?????????????????# #### ???????????????????????? | | ?????????????????# ???##???????????????????????? | | ?????????????????#R%?????????????????????????????? | | ????????????????? ?????????????????????????????? | | ?????????????????? ??????????????????????????????? | | ?????????????????????????????????????????????????? | | ?????????????????????????????????????????????????? | | ?????????????????????????????????????????????????? | | ?????????????????????????????????????????????????? | | ?????????????????????????????????????????????????? | | ?????????????????????????????????????????????????? | | ?????????????????????????????????????????????????? | | ?????????????????????????????????????????????????? | | ?????????????????????????????????????????????????? | | ?????????????????????????????????????????????????? | | ?????????????????????????????????????????????????? | +----------------------------------------------------+ Best States ------------- Heat Dissipation 25 Energy Generation 10 Energy Capacity 250 Matter Stores 300 Matter Capacity 300 Sight Range 16 Terrain Scan Density 10 Armor Coverage 150 Evasion (%) 40 Targeting Accuracy 5 Recoil Reduction 2 Item Schematics ----------------- None Robot Schematics ------------------ None Fabricated ------------ Nothing Repaired ---------- Nothing Studied --------- None Alien Tech Used ----------------- None Achievements -------------- None Challenges ------------ None Game ------ Seed AutogunDroneEdition Manual? 0 Play Time 00:08:01 Cumulative 145.1 hours Start 2026.07.30 @ 22:03:42 End 2026.07.30 @ 22:10:09 Sessions 1 Manual Loads 0 Difficulty Rogue Special Mode None Game No. 299 Rogue 299 Adventurer 0 Explorer 0 Win Type - Total 1 Types 1/0/0/0/0/0/0/0/0/0 Lore% 56 Gallery% 56 Achievement% 44 Wizard Run 0 Options --------- Layout 1 ASCII 0 Keyboard 1 Movement Arrows Keybinds 0 Fullscreen 2 Font 24/Smallcaps Map View 50x35 Zoom Use 0% Tactical HUD 1 Map Filters NONE Filters NONE Steam 1 RUN: 0a15405c-5d42-4a16-9faf-f1d91938ffbd